 Dungeon Crawl Stone Soup version 0.31.0-9-g3a7656b989 (webtiles) character file.

Game seed: 6320506487738502763

858 Amplified the Trooper (level 7, -1/56 HPs)
             Began as a Mummy Fighter on Jan 25, 2024.
             Was an Initiate of Gozag.
             Slain by a black bear (4 damage)
             ... on level 5 of the Dungeon.
             The game lasted 00:08:51 (3458 turns).

Amplified the Trooper (Mummy Fighter)               Turns: 3458, Time: 00:08:52

Health: -1/56      AC: 13    Str: 24    XL:     7   Next: 71%
Magic:  7/7        EV:  9    Int: 13    God:    Gozag
Gold:   226        SH:  5    Dex: 11    Spells: 6/6 levels left

rFire   x . .        g - +8 long sword of Nemelex Xobeh, Flying {pain, rElec rPois Will- Int+5}
rCold   + . .        c - +0 buckler
rNeg    + + +        d - +0 scale mail {rPois}
rPois   ∞            b - +2 helmet
rElec   +            (no cloak)
rCorr   .            h - +2 pair of gloves {Str+3}
SInv    .            (no boots)
Will    .....        (no amulet) Stlth
                     (no ring)
HPRegen 0.29/turn    (no ring)
MPRegen 0.10/turn

%: faith
@: no status effects
A: cold resistance 1, negative energy resistance 3, torment resistance 2, heat
vulnerability 1, in touch with death 1, no potions, faith
a: Renounce Religion, Potion Petition, Call Merchant, Bribe Branch


You were on level 5 of the Dungeon.
You worshipped Gozag.
Gozag was aware of your devotion.
You visited 1 branch of the dungeon, and saw 5 of its levels.

You collected 284 gold pieces.
You paid 58 gold pieces to Gozag.

Inventory:

Hand Weapons
 a - a +1 trident
 g - the +8 long sword of Nemelex Xobeh, Flying (weapon) {pain, rElec rPois Will- Int+5}
   (You found it on level 3 of the Dungeon)

   Int+5:     It affects your intelligence (+5).
   rElec:     It insulates you from electricity.
   rPois:     It protects you from poison Will-: It decreases your willpower.
Armour
 b - a +2 helmet (worn)
 c - a +0 buckler (worn)
 d - a +0 scale mail of poison resistance (worn)
 h - a +2 pair of gloves of strength (worn)
Scrolls
 i - 3 scrolls of fog


   Skills:
 * Level 5.5 Fighting
 * Level 4.1 Polearms
 + Level 3.7 Armour
 * Level 4.5 Shields


You had 6 spell levels left.
You didn't know any spells.
Your spell library contained the following spells:

 Spells                   Type           Power      Damage    Failure   Level
 Necrotise                Necr           0%         1d4       65%         1
 Ensorcelled Hibernation  Hex/Ice        0%         N/A       78%         2
 Scorch                   Fire           0%         2d5       78%         2
 Passwall                 Erth           0%         N/A       95%         3
 Swiftness                Air            0%         N/A       95%         3
 Vampiric Draining        Necr           0%         2d6       95%         3
 Flame Wave               Conj/Fire      0%         2d4       100%        4
 Martyr's Knell           Necr/Summ      0%         N/A       100%        4
 Curse of Agony           Necr           0%         N/A       100%        5
 Summon Cactus Giant      Summ           0%         N/A       100%        6


Dungeon Overview and Level Annotations

Branches:
Dungeon (5/15)
 Temple: D:4-7

Altars:
Gozag

Shops:
D:2 =

Annotations:
D:3 Sigmund


Innate Abilities, Weirdness & Mutations

You are immune to poison.
Your flesh is cold resistant. (rC+)
You are immune to negative energy. (rN+++)
You are immune to unholy pain and torment.
You are vulnerable to heat. (rF-)
You are in touch with the powers of death.
You do not drink.
You have a special connection with the divine. (Faith)


Message History

The orc priest miscasts a cantrip.
The black bear bites you but does no damage.
You block the black bear's attack. The black bear misses you.
The orc hits you but does no damage. The orc wizard barely misses you.
Unknown command.
Unknown command.
Unknown command.
You closely miss the orc wizard.
The orc wizard is lightly wounded.
The black bear bites you but does no damage.
The black bear claws you but does no damage. x2
The orc hits you from afar with a +0 trident.
* * * LOW HITPOINT WARNING * * *
The orc wizard hits you but does no damage.
The black bear bites you but does no damage.
The black bear claws you but does no damage. x2
Unknown command.
You closely miss the orc wizard.
The orc wizard is lightly wounded.
The orc closely misses you.
The orc wizard hits you with a +0 dagger.
* * * LOW HITPOINT WARNING * * *
The black bear bites you but does no damage.
You block the black bear's attack.
The black bear claws you but does no damage.
The orc closely misses you. The orc wizard casts a spell at you.
The magic dart hits you but does no damage.
Unknown command.
You slash the orc wizard!
The orc wizard is severely wounded.
The black bear bites you but does no damage.
The black bear claws you but does no damage.
You block the black bear's attack. The orc hits you but does no damage.
You block the orc wizard's attack. The black bear bites you.
* * * LOW HITPOINT WARNING * * *
The black bear claws you but does no damage.
The black bear claws you.
You die...
Your body crumbles into a pile of gold.

*#.......##..#.....#.##.####
*.........#.....####.##.# #
*...........##..####.##.# #
*...........#...####.##.# #
*.............#.####.##.#
*...........###.####.##.# *
*#.$.....##o###.####.#..# **
*.........#h###.####.#.****,
*.........#@###.####...* *,,
*.........#o###..###..#* *,,
*.........#o####.###..# *,,
*.........#o####.###..# *,,
*#.....>.##o####.###..####..
**,....###.####............
**#######.#######..#####..
#######.#######..# *** #...#
#..######.


You could see a black bear, an orc priest, an orc wizard and 3 orcs.

Vanquished Creatures
  A black bear (D:5)
  An ogre (D:4)
  3 scorpions
  A bombardier beetle (D:5)
  A jelly (D:5)
  2 orc priests
  2 hounds
  A sleepcap (D:5)
  An iguana (D:4)
  An orc wizard (D:4)
  4 gnolls (D:3)
  6 adders
  2 shadow imps (D:5)
  A white imp (D:4)
  4 ufetubi (D:5)
  2 dart slugs
  3 ribbon worms
  9 orcs
  9 endoplasms
  2 giant cockroaches
  8 goblins
  12 hobgoblins
  10 jackals
  4 quokkas
  6 ball pythons
  A bat (D:2)
  A frilled lizard (D:1)
  6 kobolds
  4 rats
108 creatures vanquished.

Vanquished Creatures (others)
  An endoplasm (D:3)
1 creature vanquished.

Grand Total: 109 creatures vanquished

Notes
Turn   | Place    | Note
-------+----------+-------------------------------------------
     0 | D:1      | Amplified the Mummy Fighter began the quest for the Orb.
     0 | D:1      | Reached XP level 1. HP: 18/18 MP: 1/1
   157 | D:1      | Reached XP level 2. HP: 21/24 MP: 2/2
   434 | D:1      | Reached XP level 3. HP: 26/29 MP: 3/3
   998 | D:2      | Found Iruum's Jewellery Shop.
  1116 | D:2      | Reached XP level 4. HP: 34/36 MP: 4/4
  1659 | D:3      | Identified the +8 long sword of Nemelex Xobeh, Flying
                  | {pain, rElec rPois Will- Int+5}
  1727 | D:3      | Reached XP level 5. HP: 34/42 MP: 5/5
  1745 | D:3      | Noticed Sigmund
  1800 | D:3      | Reached skill level 4 in Fighting
  2226 | D:4      | Noticed an ogre
  2233 | D:4      | Killed an ogre
  2234 | D:4      | Reached XP level 6. HP: 31/49 MP: 6/6
  2818 | D:4      | Found an opulent altar of Gozag.
  2873 | D:4      | Became a worshipper of Gozag Ym Sagoz the Greedy
  3027 | D:5      | Entered Level 5 of the Dungeon
  3062 | D:5      | Reached XP level 7. HP: 55/55 MP: 7/7
  3110 | D:5      | Reached skill level 5 in Fighting
  3453 | D:5      | Identified a scroll of acquirement
  3453 | D:5      | Acquired the scarf of Classification {rC+ rF+, rPois Str+3
                  | Dex+3}
  3458 | D:5      | Slain by a black bear

Illustrated notes

Levels and vault maps discovered:
D:1:      lemuel_arrival_tunnels, layout_rooms
D:2:      layout_basic, serial_glass, glass_columns_b, glass_columns_a,
          glass_columns_c, glass_columns_a, serial_shops, shop
D:3:      layout_rooms, nicolae_overflow_hidden_temple,
          nicolae_overflow_squiral, lemuel_flame_loot_1, uniq_sigmund
D:4:      layout_basic, nicolae_gozag_cash_rules_everything_around_me,
          minmay_misc_feat_columns
D:5:      cheibrodos_thug_alley, layout_rooms, uniq_eustachio

Skill      XL: |  1  2  3  4  5  6  7 |
---------------+----------------------+-----
Polearms       | 2 3 4 |  4.1
Shields        | 3 4 |  4.5
Fighting       | 4 5 |  5.5
Armour         | 3 |  3.7

Action                     |  1- 3 |  4- 6 |  7- 9 || total
---------------------------+-------+-------+-------++-------
  Melee: Trident           |   152 |    40 |       ||   192
         Long sword        |       |    95 |    45 ||   140
  Throw: Javelin           |       |    15 |     7 ||    22
    Use: Scroll            |     2 |     8 |     3 ||    13
 Armour: Scale mail        |    74 |    98 |    90 ||   262
  Dodge: Dodged            |    50 |    49 |    48 ||   147
  Block: Buckler           |    33 |    27 |    17 ||    77
